Cogmind - Beta 13 *** ADVENTURER MODE // 2024.03.31 @ 20:18:55 Player: Class.IcaL Result: Self-destructed Performance ------------- Evolutions (6) 3000 Regions Visited (10) 2000 Robots Destroyed (97) 485 Value Destroyed (4120) 4120 Prototype IDs (1) 20 Alien Tech Used (1) 200 Bonus (800) 800 TOTAL SCORE: 10625 Bonus ------- Entered DSFs 500 Acquired ECA 300 Cogmind --------- Core Integrity 989/1150 Matter 152/300 Energy 100/100 System Corruption 3% Temperature Cool (0) Movement Rolling (100) Location -4/Factory Parts ------- > --- POWER (2) -------- (None) > --- PROPULSION (5) --- Compact Wheel > --- UTILITY (6) ------ Advanced Visual Processing Unit Transport Network Coupler Encrypted Comm Array Graphene Brace > --- WEAPON (6) ------- (None) > --- INVENTORY (5) ---- Faulty Enhanced Armored Leg Myomer Leg Terrain Scanner Improved Targeting Computer Arc Thrower Peak State ------------ > --- POWER ------------ Neutrino Core Light Antimatter Reactor > --- PROPULSION ------- Wheel Wheel Compact Wheel > --- UTILITY ---------- Advanced Heat Sink Advanced Visual Processing Unit Transport Network Coupler Encrypted Comm Array Kinecellerator Graphene Brace > --- WEAPON ----------- Wave Gun KE Penetrator Railgun Magnetic Acceleration Cannon Magnetic Acceleration Cannon Magnetic Acceleration Cannon > --- INVENTORY -------- Enhanced Armored Leg Myomer Leg Terrain Scanner Improved Targeting Computer Arc Thrower [Rating: 77] Favorites ----------- Power Light Ion Engine Engine Light Ion Engine Power Core Neutrino Core Reactor Light Antimatter Reactor Propulsion Aluminum Leg Treads Light Treads Leg Aluminum Leg Wheel Wheel Utility Visual Processing Unit Device Advanced Heat Sink Storage Small Storage Unit Processor Visual Processing Unit Hackware System Shield Protection Light Armor Plating Weapon Magnetic Acceleration Cannon Energy Gun Wave Gun Energy Cannon Heavy Particle Cannon Ballistic Gun Assault Rifle Ballistic Cannon Magnetic Acceleration Cannon Launcher EMP Blaster Impact Weapon Great Maul Build | -11 -10 -9 -8 -7 -7 -6 -5 -5 -5 -4 ------- Run | Yrd Mat Mat Mat Fac DSF Fac Fac Upp Upp Fac Slots Evolved 12 | . . 2 2 2 . 2 2 . . 2 Power 1 | . . . . 1 . . . . . . Propulsion 3 | . . 2 . . . 1 . . . . Utility 4 | . . . 2 . . . . . . 2 Weapon 4 | . . . . 1 . 1 2 . . . Parts Attached 97 | 6 . 14 15 9 7 16 17 6 2 5 Power 11 | 1 . 2 1 . . 3 2 1 . 1 Engine 7 | 1 . 2 1 . . 1 1 1 . . Core 2 | . . . . . . 1 1 . . . Reactor 2 | . . . . . . 1 . . . 1 Propulsion 20 | 2 . 5 2 . 3 3 2 3 . . Treads 1 | . . 1 . . . . . . . . Leg 16 | 2 . 4 2 . 3 3 2 . . . Wheel 3 | . . . . . . . . 3 . . Hover . | . . . . . . . . . . . Flight . | . . . . . . . . . . . Utility 23 | 1 . 5 4 4 . 1 4 1 . 3 Device 14 | . . 4 1 2 . 1 3 1 . 2 Storage 2 | 1 . . . 1 . . . . . . Processor 3 | . . . 1 . . . 1 . . 1 Hackware 1 | . . . . 1 . . . . . . Protection 3 | . . 1 2 . . . . . . . Artifact . | . . . . . . . . . . . Weapon 43 | 2 . 2 8 5 4 9 9 1 2 1 Energy Gun 10 | . . . . 2 1 5 2 . . . Energy Cannon 6 | . . . 2 1 1 2 . . . . Ballistic Gun 15 | 2 . 2 2 . 1 2 2 1 2 1 Ballistic Cannon 5 | . . . . . . . 5 . . . Launcher 4 | . . . 3 . 1 . . . . . Special Weapon . | . . . . . . . . . . . Impact Weapon 3 | . . . 1 2 . . . . . . Slashing Weapon . | . . . . . . . . . . . Piercing Weapon . | . . . . . . . . . . . Special Melee Weapon . | . . . . . . . . . . . Unidentified Prototypes 2 | . . . . . . . 1 . . 1 Corrupted Parts 2 | . . . 1 . . 1 . . . . System Corruption 5 | . . . 1 . . 4 . . . . Parts Lost 54 | . . 3 4 . 10 12 10 2 1 12 Power 8 | . . 1 . . 1 2 2 . . 2 Propulsion 15 | . . 1 3 . 4 3 1 1 . 2 Utility 10 | . . 1 1 . 1 3 2 . . 2 Weapon 21 | . . . . . 4 4 5 1 1 6 Highest Loss Streak 8 | . . 2 3 . 5 5 7 2 1 8 To Critical Strikes 1 | . . . . . . . . . 1 . Average Slot Usage (%) 71 | . 85 77 84 69 52 49 58 77 87 81 Engine 5 | . 14 9 9 7 . 3 2 4 5 . Core 1 | . . . . . . . 1 5 5 2 Leg 11 | . 28 25 23 15 8 6 13 1 . . Wheel 3 | . . . . . . . . 8 17 12 Device 8 | . . 9 9 8 . 3 4 10 11 19 Storage 4 | . 14 11 9 7 7 4 . . . . Processor 7 | . . . 9 7 7 6 9 11 11 10 Hackware 1 | . . . . 3 7 5 . . . . Energy Gun 3 | . . . . 3 . 5 6 5 5 4 Ballistic Gun 9 | . 28 20 10 . 4 1 5 7 10 9 Ballistic Cannon 7 | . . . . . . . 12 17 17 14 Impact Weapon 1 | . . . . 6 7 5 . . . . Naked Turns . | . . . . . . . . . . . Heaviest Build 72 | 12 12 22 31 31 24 31 58 61 57 72 Greatest Support 47 | 20 20 40 30 29 44 47 35 36 36 36 Greatest Overweight (x) 20 | . . 3 6 1 3 4 2 20 1 2 Average Overweight (x) . | . . . . . . . . 1 1 1 Largest Inventory Capacity 8 | 8 8 8 8 8 8 8 5 5 5 5 Average Capacity 6 | 7 8 8 8 8 8 7 5 5 5 5 Most Carried 8 | 5 7 8 8 8 8 8 5 5 5 5 Average Carried 5 | 2 5 7 7 7 6 5 3 3 5 4 Final Capacity 8 | 8 8 8 8 8 8 5 5 5 5 5 Final Carried 8 | 2 7 8 8 8 6 4 5 5 5 5 Class Distribution -------------------- 41% | Scavenger-Executioner 22% | Scavenger-Mutant 19% | Hacker-Mutant 14% | Mutant Dominant Class ---------------- Mutant | -10/Materials Mutant | -9/Materials Scavenger-Mutant | -8/Materials Scavenger-Mutant | -7/Factory Hacker-Mutant | -7/DSF Hacker-Mutant | -6/Factory Scavenger-Executioner | -5/Factory Scavenger-Executioner | -5/Upper Caves Scavenger-Executioner | -5/Upper Caves Scavenger-Executioner | -4/Factory Resources | -11 -10 -9 -8 -7 -7 -6 -5 -5 -5 -4 ----------- Run | Yrd Mat Mat Mat Fac DSF Fac Fac Upp Upp Fac Matter Collected 2735 | 210 53 482 265 . 90 405 408 524 49 249 Remotely . | . . . . . . . . . . . Salvage Created 3938 | . 128 758 726 . 397 731 323 331 67 477 Parts 218 | . 13 48 46 . 26 28 9 17 1 30 Haulers Intercepted . | . . . . . . . . . . . Recyclers Shooed . | . . . . . . . . . . . Parts Field Recycled . | . . . . . . . . . . . Retrieved Matter . | . . . . . . . . . . . Parts Self-Destructed 15 | . . . . . . . . 15 . . Prevented 2 | . . . . . . . . . 2 . Kills | -11 -10 -9 -8 -7 -7 -6 -5 -5 -5 -4 ------- Run | Yrd Mat Mat Mat Fac DSF Fac Fac Upp Upp Fac Combat Hostiles Destroyed 86 | . 6 15 14 . 9 11 10 13 1 7 Melee 3 | . . . 1 . . 2 . . . . Guns 40 | . 6 15 5 . 4 3 . 5 . 2 Cannons 32 | . . . 3 . . 5 10 8 1 5 AOE 10 | . . . 5 . 5 . . . . . Classes Destroyed 15 | . 2 4 2 . 2 2 . 1 1 1 Worker 2 | . . 1 . . . . . . . 1 Builder 1 | . . . 1 . . . . . . . Tunneler 1 | . . . . . . 1 . . . . Operator 1 | . . . . . . . . . . 1 Watcher 6 | . 1 2 1 . . 1 . . . 1 Swarmer 22 | . 6 . 3 . 3 . 2 8 . . Grunt 31 | . . 9 7 . 2 3 3 3 . 4 Brawler 1 | . . 1 . . . . . . . . Duelist 1 | . . . . . . . . 1 . . Sentry 15 | . . 5 3 . . 3 3 1 . . Specialist 6 | . . . . . 3 2 . . . 1 Hunter 3 | . . . 1 . . 2 . . . . Programmer 5 | . . . . . . 1 2 . . 2 Heavy 1 | . . . . . 1 . . . . . Mutant 1 | . . . . . . . . . 1 . Best Kill Streak 5 | . 4 4 2 . 4 4 3 4 1 5 Combat Bots Only 4 | . 3 3 2 . 4 4 3 4 1 4 Max Kills in Single Turn 2 | . 2 2 2 . 2 1 1 1 1 2 Gunslinging 1 | . 1 . . . . . . . . . Exploded 2 | . . . 1 . 2 . . . . . Melee 1 | . . . 1 . . 1 . . . . Uniques/NPCs Destroyed . | . . . . . . . . . . . Combat | -11 -10 -9 -8 -7 -7 -6 -5 -5 -5 -4 -------- Run | Yrd Mat Mat Mat Fac DSF Fac Fac Upp Upp Fac Hostile Shots Fired 729 | . 31 65 87 . 97 198 71 71 18 91 Missed 223 | . 14 15 22 . 32 60 26 17 8 29 Damage Taken 6985 | . 100 486 729 . 1095 1646 1175 649 149 956 Core 1771 | . 47 110 168 . 346 488 303 119 29 161 Absorbed by Shields . | . . . . . . . . . . . Ignored by Resistances 1982 | . 34 148 210 . 310 472 315 190 43 260 Core Remaining (%) 66 | 100 81 72 69 . 50 42 . . 54 . Volleys Fired 269 | . 8 57 44 . 42 35 37 24 5 17 Largest 6 | . 2 2 2 . 1 2 6 6 6 6 Hottest 330 | . 40 40 126 . 56 150 330 330 303 308 Shots Fired 516 | . 16 104 71 . 42 52 52 87 22 70 Gun 309 | . 16 104 40 . 36 27 6 35 13 32 Cannon 188 | . . . 18 . . 25 46 52 9 38 Launcher 19 | . . . 13 . 6 . . . . . Special . | . . . . . . . . . . . Kinetic 393 | . 16 104 40 . 33 . 49 70 17 64 Thermal 76 | . . . . . 3 42 3 17 5 6 Explosive 5 | . . . . . 5 . . . . . Electromagnetic 42 | . . . 31 . 1 10 . . . . Robot Hit Streak 24 | . 7 24 14 . 19 16 16 11 21 8 Robot Miss Streak 3 | . 2 2 3 . 3 2 1 3 1 2 Penetration Max 1 | . . . . . . . . . . 1 Secondary Targets 4 | . 3 1 . . . . . . . . Max Gunslinging Chain 1 | . 1 1 . . . . . . . . Shots Hit Robots 367 | . 12 82 48 . 33 54 42 44 11 41 Core Hits 172 | . 7 35 28 . 23 20 18 17 4 20 Critical Kills 5 | . 1 . 1 . . . 2 . . 1 Critical Parts Destroyed 6 | . . . 1 . . 3 1 1 . . Critical Strikes 19 | . 1 . 3 . . 3 7 2 . 3 Destroy 7 | . 1 . 1 . . . 3 1 . 1 Blast 7 | . . . . . . . 4 1 . 2 Corrupt 1 | . . . 1 . . . . . . . Smash 4 | . . . 1 . . 3 . . . . Melee Attacks 21 | . . . 2 . . 19 . . . . Impact 21 | . . . 2 . . 19 . . . . Slashing . | . . . . . . . . . . . Piercing . | . . . . . . . . . . . Sneak Attacks . | . . . . . . . . . . . Combat Hostiles . | . . . . . . . . . . . Follow-up Attacks . | . . . . . . . . . . . Damage Inflicted 9363 | . 152 1059 1225 . 985 1691 1581 1217 270 1183 Guns 3575 | . 152 1059 286 . 493 407 55 409 153 561 Cannons 3591 | . . . 373 . . 545 1126 808 117 622 Explosions 1531 | . . . 513 . 492 126 400 . . . Melee 666 | . . . 53 . . 613 . . . . Ramming . | . . . . . . . . . . . Kinetic 5437 | . 152 1059 286 . 449 . 1181 980 199 1131 Thermal 1752 | . . . 83 . 44 865 400 237 71 52 Explosive 477 | . . . . . 477 . . . . . Electromagnetic 1031 | . . . 803 . 15 213 . . . . Impact 666 | . . . 53 . . 613 . . . . Slashing . | . . . . . . . . . . . Piercing . | . . . . . . . . . . . Highest Corruption 6 | . . . 4 . . 6 1 1 1 3 Average Corruption 1 | . . . 2 . . 1 1 1 1 1 Corruption Purged . | . . . . . . . . . . . Corruption Blocked . | . . . . . . . . . . . Effects 34 | . . . 8 . . 9 5 10 1 1 Message Errors 10 | . . . 2 . . 2 1 4 . 1 Matter Fused 6 | . . . 1 . . 2 2 1 . . Heat Flow Errors 4 | . . . . . . 2 1 1 . . Energy Discharges 4 | . . . . . . 1 1 2 . . Data Loss (minor) 4 | . . . 2 . . . . 1 1 . Data Loss (major) 2 | . . . 1 . . 1 . . . . Misfires 2 | . . . 2 . . . . . . . Alerts 1 | . . . . . . . . 1 . . Weapon Failures 1 | . . . . . . 1 . . . . Overload Shots . | . . . . . . . . . . . Overflow Damage 443 | . . . 53 . 11 176 162 41 . . Projectiles 41 | . . . . . . . . 41 . . Explosions 195 | . . . . . 11 22 162 . . . Melee 207 | . . . 53 . . 154 . . . . Knockbacks 14 | . . . . . . 5 3 5 1 . Impact 5 | . . . . . . 5 . . . . Kinetic 9 | . . . . . . . 3 5 1 . Secondary . | . . . . . . . . . . . Self-Inflicted Damage 313 | . . . 62 . 50 . 201 . . . Shots 12 | . . . 7 . 2 . 3 . . . Rammed . | . . . . . . . . . . . Targets Rammed . | . . . . . . . . . . . Kicked . | . . . . . . . . . . . Crushed . | . . . . . . . . . . . Highest Temperature 514 | . . 24 243 . . 469 368 396 330 514 Average Temperature 108 | . . 15 78 . . 145 105 97 118 130 Received Heat Transfer 1653 | . . 306 387 . 144 432 234 63 45 42 Effects 7 | . . . . . . 2 . . . 5 Shutdowns 3 | . . . . . . 1 . . . 2 Energy Bleed 1 | . . . . . . 1 . . . . Interference 2 | . . . . . . . . . . 2 Damage (major) 1 | . . . . . . . . . . 1 Siege Activations . | . . . . . . . . . . . Robots Corrupted . | . . . . . . . . . . . Combat Hostiles . | . . . . . . . . . . . Parts Fried 5 | . . . 2 . . 3 . . . . Impact Corruptions 7 | . . . 1 . . 6 . . . . Robots Melted . | . . . . . . . . . . . Combat Hostiles . | . . . . . . . . . . . Parts Melted 2 | . . . . . . 1 . 1 . . Heat Transferred 2421 | . . . 100 . 111 1455 200 370 111 74 Parts Sabotaged . | . . . . . . . . . . . Parts Stolen . | . . . . . . . . . . . Parts Stripped . | . . . . . . . . . . . Power Chain Reactions 5 | . . . 3 . 1 1 . . . . Alert | -11 -10 -9 -8 -7 -7 -6 -5 -5 -5 -4 ------- Run | Yrd Mat Mat Mat Fac DSF Fac Fac Upp Upp Fac Peak Influence 359 | . 171 359 334 130 312 128 237 . . 157 Initial 130 | . . 61 57 130 79 128 42 . . . Average 115 | . 68 165 205 130 151 81 84 . . 47 Maximum Alert Level 1 | . . 1 1 . 1 . 1 . . . Low Security (%) 84 | 100 100 70 50 100 67 100 96 . . 100 Level 1 15 | . . 29 49 . 32 . 3 . . . Level 2 . | . . . . . . . . . . . Level 3 . | . . . . . . . . . . . Level 4 . | . . . . . . . . . . . Level 5 . | . . . . . . . . . . . High Security . | . . . . . . . . . . . Max Security . | . . . . . . . . . . . Sterilizations 1 | . . . . . 1 . . . . . Squads Dispatched 19 | . . 2 4 1 2 4 4 . . 2 Investigation 5 | . . . 3 1 . 1 . . . . Extermination 3 | . . . . . . 1 1 . . 1 Reinforcement 8 | . . 2 1 . 2 2 . . . 1 Assault . | . . . . . . . . . . . Garrison 3 | . . . . . . . 3 . . . Intercept . | . . . . . . . . . . . Searches Triggered . | . . . . . . . . . . . Construction Impeded . | . . . . . . . . . . . Haulers Reinforced . | . . . . . . . . . . . Active Scanning Responses . | . . . . . . . . . . . Cargo Convoy Interrupts . | . . . . . . . . . . . Stealth | -11 -10 -9 -8 -7 -7 -6 -5 -5 -5 -4 --------- Run | Yrd Mat Mat Mat Fac DSF Fac Fac Upp Upp Fac Distress Signals 3 | . 1 2 . . . . . . . . Communications Jammed . | . . . . . . . . . . . Distress Signals . | . . . . . . . . . . . Times Spotted 132 | . 10 19 25 . 16 17 11 16 5 13 Peak Tracking Total 5 | . 3 5 5 . 4 4 2 4 4 4 Tactical Retreats 17 | . 1 3 4 . 4 1 . 3 . 1 Traps | -11 -10 -9 -8 -7 -7 -6 -5 -5 -5 -4 ------- Run | Yrd Mat Mat Mat Fac DSF Fac Fac Upp Upp Fac Traps Triggered 16 | . . 2 2 1 . 7 2 . . 2 Indirectly 1 | . . . 1 . . . . . . . Trap Hack Attempts . | . . . . . . . . . . . Triggered . | . . . . . . . . . . . Disarmed . | . . . . . . . . . . . Reprogrammed . | . . . . . . . . . . . Reused . | . . . . . . . . . . . Traps Extracted . | . . . . . . . . . . . Installed . | . . . . . . . . . . . Triggered 1 | . . . 1 . . . . . . . Machines | -11 -10 -9 -8 -7 -7 -6 -5 -5 -5 -4 ---------- Run | Yrd Mat Mat Mat Fac DSF Fac Fac Upp Upp Fac Machines Disabled 12 | . 1 . 2 . 1 . 4 1 1 2 Max in Single Turn 4 | . 1 . 1 . 1 . 4 1 1 1 Machines Repaired . | . . . . . . . . . . . Machines Dismantled . | . . . . . . . . . . . Machines Sabotaged . | . . . . . . . . . . . Overloaded Fab Kills . | . . . . . . . . . . . Hacking | -11 -10 -9 -8 -7 -7 -6 -5 -5 -5 -4 --------- Run | Yrd Mat Mat Mat Fac DSF Fac Fac Upp Upp Fac Machines Accessed 17 | . . 2 4 2 . 2 2 2 . 3 Terminals 13 | . . 2 3 2 . 2 1 1 . 2 Fabricators 1 | . . . . . . . . . . 1 Repair Stations 1 | . . . . . . . 1 . . . Recycling Units . | . . . . . . . . . . . Scanalyzers 1 | . . . 1 . . . . . . . Garrison Access . | . . . . . . . . . . . Total Hacks 36 | . . 6 9 3 . 5 7 2 . 4 Successful 26 | . . 5 8 1 . 3 5 2 . 2 Failed 10 | . . 1 1 2 . 2 2 . . 2 Catastrophic 1 | . . . . . . . . . . 1 Database Lockouts . | . . . . . . . . . . . Manual 10 | . 2 1 . 1 . 4 2 . . . Terminals 29 | . . 6 7 3 . 5 5 1 . 2 Fabricators 2 | . . . . . . . . . . 2 Repair Stations 2 | . . . . . . . 2 . . . Recycling Units . | . . . . . . . . . . . Scanalyzers 2 | . . . 2 . . . . . . . Garrison Access . | . . . . . . . . . . . Terminal Hacks 22 | . . 5 6 1 . 3 4 2 . 1 Record 14 | . . 4 5 . . . 3 2 . . Open DSF 2 | . . . . 1 . 1 . . . . Terminal Index 1 | . . 1 . . . . . . . . Alert Level 1 | . . . . . . . . . . 1 Unreport Threat 1 | . . . . . . 1 . . . . Locate Traps 2 | . . . 1 . . . 1 . . . Extermination Status 1 | . . . . . . 1 . . . . Fabricator Hacks 1 | . . . . . . . . . . 1 Network Status 1 | . . . . . . . . . . 1 Repair Station Hacks 1 | . . . . . . . 1 . . . Scan Component 1 | . . . . . . . 1 . . . Recycling Unit Hacks . | . . . . . . . . . . . Scanalyzer 2 | . . . 2 . . . . . . . Insert Component 1 | . . . 1 . . . . . . . Analyze 1 | . . . 1 . . . . . . . Garrison Access Hacks . | . . . . . . . . . . . Unauthorized Hacks . | . . . . . . . . . . . Terminals . | . . . . . . . . . . . Fabricators . | . . . . . . . . . . . Repair Stations . | . . . . . . . . . . . Recycling Units . | . . . . . . . . . . . Scanalyzers . | . . . . . . . . . . . Garrison Access . | . . . . . . . . . . . Data Cores Recovered . | . . . . . . . . . . . Used . | . . . . . . . . . . . Hacking Detections 8 | . 1 . 2 1 . 1 1 . . 2 Full Trace Events 2 | . . . 2 . . . . . . . Feedback Events . | . . . . . . . . . . . Feedback Blocked . | . . . . . . . . . . . Robot Schematics Acquired . | . . . . . . . . . . . Robots Built . | . . . . . . . . . . . Authchips . | . . . . . . . . . . . Time . | . . . . . . . . . . . Total Robot Build Rating . | . . . . . . . . . . . Part Schematics Acquired 1 | . . . 1 . . . . . . . Parts Built . | . . . . . . . . . . . Authchips . | . . . . . . . . . . . Time . | . . . . . . . . . . . Total Part Build Rating . | . . . . . . . . . . . Parts Repaired . | . . . . . . . . . . . Time . | . . . . . . . . . . . Parts Recycled . | . . . . . . . . . . . Recycled Matter . | . . . . . . . . . . . Retrieved Matter . | . . . . . . . . . . . Retrieved Components . | . . . . . . . . . . . Parts Scanalyzed 1 | . . . 1 . . . . . . . Part Schematics Acquired 1 | . . . 1 . . . . . . . Parts Damaged . | . . . . . . . . . . . Bothacking | -11 -10 -9 -8 -7 -7 -6 -5 -5 -5 -4 ------------ Run | Yrd Mat Mat Mat Fac DSF Fac Fac Upp Upp Fac Used RIF Installer . | . . . . . . . . . . . Robots Hacked . | . . . . . . . . . . . Non-combat . | . . . . . . . . . . . Combat . | . . . . . . . . . . . Robot Hacks Applied . | . . . . . . . . . . . Relay Couplers Released . | . . . . . . . . . . . Fabnet Peak Effective % . | . . . . . . . . . . . Robots Rewired . | . . . . . . . . . . . Allies Hacked . | . . . . . . . . . . . Hacks Repelled . | . . . . . . . . . . . Allies | -11 -10 -9 -8 -7 -7 -6 -5 -5 -5 -4 -------- Run | Yrd Mat Mat Mat Fac DSF Fac Fac Upp Upp Fac Total Allies . | . . . . . . . . . . . Largest Group . | . . . . . . . . . . . Highest-Rated Group . | . . . . . . . . . . . Highest-Rated Ally . | . . . . . . . . . . . Total Orders . | . . . . . . . . . . . Ally Attacks . | . . . . . . . . . . . Total Damage . | . . . . . . . . . . . Kills . | . . . . . . . . . . . Allies Corrupted . | . . . . . . . . . . . Allies Melted . | . . . . . . . . . . . Intel | -11 -10 -9 -8 -7 -7 -6 -5 -5 -5 -4 ------- Run | Yrd Mat Mat Mat Fac DSF Fac Fac Upp Upp Fac Robot Analysis Total . | . . . . . . . . . . . Derelict Logs Recovered 2 | . . . . . . . . 2 . . Drone Launches . | . . . . . . . . . . . Drone Recoveries . | . . . . . . . . . . . Exploration | -11 -10 -9 -8 -7 -7 -6 -5 -5 -5 -4 ------------- Run | Yrd Mat Mat Mat Fac DSF Fac Fac Upp Upp Fac Turns Passed 6625 | 138 291 907 722 210 283 968 731 1581 237 557 Spaces Moved 4288 | 105 219 515 438 117 151 642 385 1046 215 455 Core 333 | 9 . 1 5 . 3 287 . 28 . . Treads 41 | . . 41 . . . . . . . . Legs 2289 | 96 219 473 433 117 148 355 385 63 . . Wheels 1625 | . . . . . . . . 955 215 455 Hover . | . . . . . . . . . . . Flight . | . . . . . . . . . . . Fastest Speed 50 | 50 120 120 120 120 90 90 120 101 101 101 Average Speed 128 | 114 120 132 128 164 121 109 159 141 101 106 Slowest Speed 1050 | 120 120 200 350 190 200 250 260 1050 101 130 Overloaded Moves . | . . . . . . . . . . . Propulsion Burnouts . | . . . . . . . . . . . Robots Hopped . | . . . . . . . . . . . Cave-ins Triggered . | . . . . . . . . . . . Exploration Rate (%) 32 | 5 33 35 40 3 91 13 10 88 24 11 Regions Visited 10 Branch Regions 2 Pre-discovered Areas 1 | . . . . . . . . 1 . . Known Exits Taken 1 | . . . . 1 . . . . . . Unknown Exits Taken 8 | 1 1 1 1 . . 1 1 1 1 . Scrap Searched 3 | . . . . . . . . 3 . . Spaces Dug 3 | . . . . . . 3 . . . . Terrain Destroyed 132 | . . . 16 . 20 6 46 27 6 11 Melee 3 | . . . . . . 3 . . . . Projectile 52 | . . . . . . . 8 27 6 11 AOE 77 | . . . 16 . 20 3 38 . . . Terrain Rammed . | . . . . . . . . . . . Walls Destroyed . | . . . . . . . . . . . Machines Disabled . | . . . . . . . . . . . Actions | -11 -10 -9 -8 -7 -7 -6 -5 -5 -5 -4 --------- Run | Yrd Mat Mat Mat Fac DSF Fac Fac Upp Upp Fac Total 4935 | 123 231 640 521 134 213 816 458 1091 222 486 Wait 122 | 5 . 36 12 . 10 48 7 2 . 2 Move 4278 | 104 218 514 437 116 150 641 384 1045 214 455 Hop . | . . . . . . . . . . . Pick Up 76 | 8 5 15 6 3 4 10 12 9 . 4 Fast Attach 20 | . . . 4 4 . 3 6 2 1 . Attach 59 | 6 . 12 4 2 6 11 11 4 . 3 Detach 3 | . . 1 . 1 . 1 . . . . Swap 19 | . . 2 7 3 1 2 . . 1 3 Drop 23 | . . 3 5 5 . 1 1 5 1 2 Fire 269 | . 8 57 44 . 42 35 37 24 5 17 Melee 21 | . . . 2 . . 19 . . . . Ram . | . . . . . . . . . . . Kick . | . . . . . . . . . . . Crush . | . . . . . . . . . . . Escape Stasis 45 | . . . . . . 45 . . . . Rewire . | . . . . . . . . . . . Trap . | . . . . . . . . . . . Miscellaneous . | . . . . . . . . . . . Route ------- -11/Scrapyard -10/Materials -9/Materials -8/Materials -7/Factory -7/DSF -6/Factory -5/Factory -5/Upper Caves -5/Upper Caves -4/Factory (discovered 1 exit: Res) History --------- Turn | Location | Event 3 | -11/Scrapyard | Discovered new exit (range 15) 139 | -11/Scrapyard | Entered Materials 311 | -10/Materials | Build established: Mutant 363 | -10/Materials | Discovered new exit (range 14) 430 | -10/Materials | Entered another Materials area 430 | -9/Materials | Evolved 2 slots: Propulsion x2 1162 | -9/Materials | Discovered new exit (range 7) 1217 | -9/Materials | Build established: Scavenger-Mutant 1337 | -9/Materials | Entered another Materials area 1337 | -8/Materials | Evolved 2 slots: Utility x2 2006 | -8/Materials | Lost 3 parts (2n1u) 2028 | -8/Materials | Discovered new exit (range 10) 2059 | -8/Materials | Entered Factory 2059 | -7/Factory | Evolved 2 slots: Power x1, Weapon x1 2269 | -7/Factory | Identified exit to DSF 2269 | -7/Factory | Entered DSF 2309 | -7/DSF | Additional patrols routed to DSF 2330 | -7/DSF | Lost 5 parts (1p2n1u1w) 2477 | -7/DSF | Build established: Hacker-Mutant 2522 | -7/DSF | Sterilization system engaged 2537 | -7/DSF | Discovered new exit (range 14) 2542 | -7/DSF | Ambient heat levels rising (+10) 2552 | -7/DSF | Entered Factory 2552 | -6/Factory | Evolved 2 slots: Propulsion x1, Weapon x1 2571 | -6/Factory | Lost 4 parts (2n2w) 3459 | -6/Factory | Discovered new exit (range 11) 3476 | -6/Factory | Core integrity fell below 50% 3509 | -6/Factory | Lost 5 parts (1p2n1u1w) 3520 | -6/Factory | Entered another Factory area 3520 | -5/Factory | Evolved 2 slots: Weapon x2 3686 | -5/Factory | Garrison activated, responded to threat 3699 | -5/Factory | Lost 7 parts (1p2u4w) 4231 | -5/Factory | Discovered new exit (range 9) 4251 | -5/Factory | Entered Upper Caves 4280 | -5/Upper Caves | Met a Warlord Commander 4281 | -5/Upper Caves | Learned location of Warlord (-5) 4282 | -5/Upper Caves | Warlord Commander delivered Encrypted Comm Array 4289 | -5/Upper Caves | Found Encrypted Comm Array 4310 | -5/Upper Caves | Build established: Scavenger-Executioner 5047 | -5/Upper Caves | Learned Factory stockpile data 5375 | -5/Upper Caves | Found Alien Artifact 5708 | -5/Upper Caves | Discovered new exit (range 10) 5738 | -5/Upper Caves | Learned 4 Factory zone layouts 5832 | -5/Upper Caves | Entered another Upper Caves area 5849 | -5/Upper Caves | Attacked by a delusional Derelict stockpiling parts 5952 | -5/Upper Caves | Discovered new exit (range 11) 6069 | -5/Upper Caves | Entered Factory 6069 | -4/Factory | Evolved 2 slots: Utility x2 6070 | -4/Factory | Identified exit to Research 6075 | -4/Factory | Identified Dimensional Node Initializer 6075 | -4/Factory | Initialized slip node 6626 | -4/Factory | Self-destructed Last Messages --------------- Penetrated by Slug. Wall collapses. Penetrated by Slug. KE Penetrator destroyed. Slug penetrates X-72 Disruptor. Slug penetrates Wall. Penetrated by Slug. Magnetic Acceleration Cannon destroyed. Penetrated by Slug. Slug penetrates Wall. Penetrated by Slug. Knocked back. Penetrated by Slug. NS0=GYEJOP :1ZYF#5,:,J%86FL EQGVSKZG Adv. Heat Sink destroyed. Penetrated by Slug. Lgt. Antimatter Reactor destroyed. Railgun destroyed. [Achievement: 5k Club] [Achievement: 10k Club] Map ----- +----------------------------------------------------+ | ?????????????? # "?????????????????????? | | ?????????????? # ??????????????????????? | | ?????????????? % # !! ??????????????????????? | | ?????????????? / !! ???????????????????????? | | ?????????????# !# !! ???????????????????????? | | ???????????? # # ???????????????????????? | | #+#???###+#### # ???????????????????????? | | # #???# ^ # ?????????????????????????? | | # ##### #? ?????????????????????????? | | """ #?#+#?????????????????????????? | | "######% """ #?#!#?????????????????????????? | | ??????# """ ###+###########???????????????? | | ??????##### # =! #???????????????? | | ??????????# """ # /*! """" #???????????????? | | ??????????# %"" # """ #???????????????? | | #######???# %%" # """ #???????????????? | | #???# # """ ! | #?##############? | | #???# ! %% + = ! #?# "T" = #? | | " #???# =% %% ###########+##### #? | | " #???#k %% %#?????# % # #? | | "" ##### ####### x # """"""""" #? | | "" " %%!!! * %! # #? | | "" " [ !!! =%! ; """"""""" #? | | # = !! % =%=! [[ ; #? | | /h ! [ # """"""""" #? | | #h m @% # #? | | # ###/########## # """"""""" #? | | ####### # #??# # #? | | # """ """ #??########### [ #? | | #?""" """??????????????##############? | | #??"" """????????????????????????????? | | #???? ?????????????????????????????? | | #????? ????????????????????????????? | | ########?????? ?????????????????????????????? | | ##??????????????????????????????????????????? | | #???????????????????????????????????????????? | | #???????????????????????????????????????????? | | #???????????????????????????????????????????? | | ###?????????????????????????????????????????? | | #?????????????????????????????????????????? | | #+# ##????????????????????????????????????????? | | #????????????????????????????????????????? | | #????????????????????????????????????????? | | #????????????????????????????????????????? | | #????????????????????????????????????????? | | #????????????????????????????????????????? | | #????????????????????????????????????????? | | ! #????????????????????????????????????????? | | #????????????????????????????????????????? | | #########????????????????????????????????????????? | +----------------------------------------------------+ Best States ------------- Heat Dissipation 62 Energy Generation 35 Energy Capacity 385 Matter Stores 300 Matter Capacity 300 Sight Range 20 Robot Scan Range 14 Terrain Scan Range 14 Terrain Scan Density 10 Additional Mass Support 9 Armor Coverage 150 Resistance: KI 20 Resistance: TH 20 Resistance: EX 20 Resistance: EM 20 Resistance: I 20 Resistance: S 20 Resistance: P 20 Evasion (%) 57 Recoil Reduction 1 Kinecelleration 30 Offensive Hacking 10 Defensive Hacking 10 Item Schematics ----------------- Rocket Launcher | -8/Materials | Scanalyzed Robot Schematics ------------------ None Fabricated ------------ Nothing Alien Tech Used ----------------- Dimensional Node Initializer Achievements -------------- 10k Club 5k Club Alien Tech Librarian Oops Serviceable Loadout Challenges ------------ None Game ------ Seed AntimatterDataEngine Manual? 0 Play Time 01:43:20 Cumulative 4.8 hours Start 2024.03.31 @ 18:36:03 End 2024.03.31 @ 20:18:55 Sessions 1 Manual Loads 0 Difficulty Adventurer Special Mode None Game No. 5 Rogue 4 Adventurer 1 Explorer 0 Win Type - Total 0 Types 0/0/0/0/0/0/0/0/0 Lore% 5 Gallery% 9 Achievement% 8 Wizard Run 0 Options --------- Layout 1 ASCII 0 Keyboard 0 Movement Arrows Keybinds 0 Fullscreen 0 Font 18/Terminus Map View 50x35 Zoom Use 0% Tactical HUD 0 Map Filters NONE Filters NONE Steam 1 RUN: cf7dc375-22b5-4c02-9b26-359e23677a75